 Dungeon Sprint DCSS version 0.20-a0-1124-g2e29d97 (webtiles) character file.

1641 potatolord6000 the Grappler (level 8, -10/89 HPs)
             Began as a Troll Monk on May 15, 2017.
             Was an Initiate of Gozag.
             Shot with an arrow by a centaur warrior (16 damage)
             ... in the Dungeon (Sprint IX: "|||||||||||||||||||||||||||||").
             The game lasted 00:01:43 (246 turns).

potatolord6000 the Grappler (Troll Monk)             Turns: 246, Time: 00:01:44

Health: -10/89     AC:  7    Str: 22    XL:     8   Next: 66%
Magic:  7/7        EV: 14    Int:  9    God:    Gozag
Gold:   414        SH:  0    Dex: 12    Spells: 7/7 levels left

rFire    . . .     SeeInvis .     - Unarmed
rCold    . . .     Gourm    +   (no shield)
rNeg     . . .     Faith    .   a - +0 robe
rPois    .         Spirit   .   (helmet restricted)
rElec    .         Reflect  .   (no cloak)
rCorr    .         Harm     .   (gloves unavailable)
MR       .....     NoTele   +   (boots unavailable)
Stlth    +++.......             (no amulet)
Regen    0.7/turn               m - +2 ring of protection
MPRegen  0.1/turn               l - +3 ring of intelligence

@: gold aura
A: unfitting armour, claws 3, fast metabolism 3, gourmand, regeneration 1,
shaggy fur 1, tough skin 2
a: Potion Petition, Call Merchant, Bribe Branch, Renounce Religion


You were in the Dungeon.
You worshipped Gozag.
Gozag was aware of your devotion.
You were not hungry.

You visited 1 branch You collected 414 gold pieces.

Inventory:

Armour
 a - a +0 robe (worn)
Jewellery
 l - a +3 ring of intelligence (right claw)
 m - a +2 ring of protection (left claw)
Wands
 k - a wand of iceblast (7/15)
Scrolls
 h - 2 scrolls of blinking
 i - 3 scrolls of remove curse
 j - 2 scrolls of amnesia
Potions
 c - 5 potions of curing
 d - a potion of invisibility
 f - 4 potions of magic
 g - a potion of berserk rage
Comestibles
 b - 2 bread rations


   Skills:
 + Level 8.7 Fighting
 + Level 8.7 Dodging
 + Level 6.3 Stealth
 + Level 10.3 Unarmed Combat


You had 7 spell levels left.
You didn't know any spells.

Dungeon Overview and Level Annotations

Branches:
Dungeon (1/1)

Altars:
Cheibriados
Dithmenos
Elyvilon
Fedhas
Gozag
Hepliaklqana
Kikubaaqudgha
Makhleb
Nemelex Xobeh
Okawaru
Qazlal
Ru
Sif Muna
Trog
Uskayaw
Vehumet
Wu Jian
Xom
Yredelemnul
Zin
The Shining One
Beogh
Jiyva
Lugonu


Innate Abilities, Weirdness & Mutations

You are too large for most types of armour.
You have claws for hands.
Your metabolism is lightning-fast.
You like to eat raw meat.
Your natural rate of healing is unusually fast.
You are covered in fur. (AC +1)
You have very tough skin. (AC +2)


Message History

You barely miss the two-headed ogre.
The two-headed ogre is heavily wounded.
The two-headed ogre hits you with a giant spiked club!!
* * * LOW HITPOINT WARNING * * *
The two-headed ogre hits you with a giant club!
* * * LOW HITPOINT WARNING * * *
You claw the two-headed ogre!
The two-headed ogre is almost dead.
Unknown command.
Unknown command.
You claw the two-headed ogre!
You kill the two-headed ogre!
Your Fighting skill increases to level 8!
Your Dodging skill increases to level 8!
Your Stealth skill increases to level 6!
Your Unarmed Combat skill increases to level 10!
The centaur warrior wields a glowing longbow.
The centaur warrior shoots an arrow.
The arrow hits you!
You die...
Your body crumbles into a pile of gold. ▓▓▓▓▓▓▓▓▓▓▓▓▓▓▓▓▓▓▓▓▓▓▓▓ +.OoOc$@(..).)'..[[[)|.. ▓▓▓▓▓▓▓▓▓▓▓▓▓▓▓▓▓▓▓▓▓▓▓▓ $ $$$$$ $ $ $ $$$$

You could see a centaur warrior, a two-headed ogre, an ogre and an orc.

Vanquished Creatures
  A two-headed ogre (D)
  An unseen horror (D)
  A wyvern (D)
  An orc warrior (D)
  A phantom (D)
  An ogre (D)
  A howler monkey (D)
  2 orc wizards (D)
  An ooze (D)
  An adder zombie (D)
  A leopard gecko (D)
  An orc (D)
  2 goblins (D)
  A kobold (D)
  A jackal zombie (D)
  A rat (D)
18 creatures vanquished.

Notes
Turn   | Place    | Note
-------+----------+-------------------------------------------
     0 | D        | potatolord6000 the Troll Monk began the quest for the Orb.
     0 | D        | Reached XP level 1. HP: 22/22 MP: 0/0
    15 | D        | Reached XP level 2. HP: 29/29 MP: 1/1
    24 | D        | Noticed a phantom
    24 | D        | Noticed an ogre
    35 | D        | Reached skill level 4 in Unarmed Combat
    35 | D        | Reached XP level 3. HP: 35/37 MP: 2/2
    46 | D        | Killed an ogre
    46 | D        | Reached skill level 5 in Unarmed Combat
    46 | D        | Reached XP level 4. HP: 16/49 MP: 3/3
    68 | D        | Killed a phantom
    68 | D        | Reached skill level 5 in Fighting
    68 | D        | Reached skill level 5 in Dodging
    68 | D        | Reached skill level 6 in Unarmed Combat
    68 | D        | Reached XP level 5. HP: 21/57 MP: 4/4
   142 | D        | Found a roughly hewn altar of Beogh.
   142 | D        | Found a snail-covered altar of Cheibriados.
   142 | D        | Found a shadowy altar of Dithmenos.
   142 | D        | Found a white marble altar of Elyvilon.
   142 | D        | Found a blossoming altar of Fedhas.
   142 | D        | Found an opulent altar of Gozag.
   143 | D        | Found a hazy altar of Hepliaklqana.
   144 | D        | Found a viscous altar of Jiyva.
   145 | D        | Found an ancient bone altar of Kikubaaqudgha.
   146 | D        | Found a corrupted altar of Lugonu.
   147 | D        | Found a burning altar of Makhleb.
   148 | D        | Found a sparkling altar of Nemelex Xobeh.
   149 | D        | Found an iron altar of Okawaru.
   150 | D        | Became a worshipper of Gozag Ym Sagoz the Greedy
   151 | D        | Found a stormy altar of Qazlal.
   152 | D        | Found a sacrificial altar of Ru.
   153 | D        | Found a deep blue altar of Sif Muna.
   154 | D        | Found a bloodstained altar of Trog.
   155 | D        | Found a hide-covered altar of Uskayaw.
   156 | D        | Found a radiant altar of Vehumet.
   157 | D        | Found an ornate altar of the Wu Jian Council.
   158 | D        | Found a shimmering altar of Xom.
   159 | D        | Found a basalt altar of Yredelemnul.
   160 | D        | Found a glowing silver altar of Zin.
   161 | D        | Found a glowing golden altar of the Shining One.
   189 | D        | Noticed an orc warrior
   204 | D        | Killed an orc warrior
   204 | D        | Reached skill level 7 in Unarmed Combat
   204 | D        | Reached XP level 6. HP: 23/67 MP: 5/5
   211 | D        | Killed an unseen horror
   211 | D        | Reached skill level 5 in Stealth
   211 | D        | Reached skill level 9 in Unarmed Combat
   211 | D        | Reached XP level 7. HP: 17/78 MP: 6/6
   238 | D        | Noticed a two-headed ogre
   238 | D        | Noticed a centaur warrior
   238 | D        | Noticed a two-headed ogre
   238 | D        | Noticed a wyvern
   241 | D        | Killed a wyvern
   241 | D        | Reached XP level 8. HP: 35/88 MP: 7/7
   246 | D        | Killed a two-headed ogre
   246 | D        | Reached skill level 10 in Unarmed Combat
   246 | D        | Shot with an arrow by a centaur warrior

Vault maps used:
D:        linesprint

Skill      XL: |  1  2  3  4  5  6  7  8 |
---------------+-------------------------+-----
Fighting       | 3 4 5 6 7 8 |  8.7
Dodging        | 3 4 5 6 7 8 |  8.7
Stealth        | 2 3 4 5 6 |  6.3
Unarmed Combat | 4 5 6 7 9 10 | 10.3

Action                   |  1- 3 |  4- 6 |  7- 9 || total
-------------------------+-------+-------+-------++-------
Melee: Unarmed           |    33 |    32 |    12 ||    77
       Punch             |       |     1 |       ||     1
  Use: Potion            |     2 |     1 |     1 ||     4
 Stab: Distracted        |       |       |     1 ||     1
Armor: Robe              |     6 |     7 |     1 ||    14
Dodge: Dodged            |    15 |     7 |     3 ||    25
